 Dungeon Crawl Stone Soup version 0.31-a0-844-gdc52ec4e09 (webtiles) character file.

Game seed: 13395782353749881766

1278 Ge0ff the Firebug (level 8, -5/52 HPs)
             Began as an Octopode Cinder Acolyte on Sept 29, 2023.
             Was a High Priest of Ignis.
             Slain by Edmund
             ... wielding a +0 dire flail of protection
              (16 damage)
             ... on level 6 of the Dungeon.
             The game lasted 00:10:30 (4716 turns).

Ge0ff the Firebug (Octopode Cinder Acolyte)         Turns: 4716, Time: 00:10:30

Health: -5/52      AC:  1    Str: 13    XL:     8   Next: 54%
Magic:  1/15       EV: 13    Int: 24    God:    Ignis [*****.]
Gold:   230        SH:  0    Dex:  7    Spells: 7/16 levels left

rFire   + . .        a - +0 spear of Valiance {venom, Drain rC+ Int+5}
rCold   + . .        (no shield)
rNeg    . . .        (helmet restricted)
rPois   .            h - amulet of regeneration
rElec   .            (no ring)
rCorr   .            (no ring)
SInv    .            (no ring)
Will    .....        (no ring)
Stlth   +++          (no ring)
HPRegen 1.08/turn    (no ring)
MPRegen 0.14/turn    (no ring)
                     (no ring)

%: no passive effects
@: weak-willed, jinxed
A: almost no armour, amphibious, 8 rings, camouflage 1, gelatinous body 1,
(nimble swimmer 1), tentacles
a: Renounce Religion, Fiery Armour, Foxfire Swarm, Rising Flame


You were on level 6 of the Dungeon.
You worshipped Ignis.
Ignis was extremely pleased with you.
You visited 1 branch of the dungeon, and saw 6 of its levels.

You collected 230 gold pieces.

Inventory:

Hand Weapons
 a - the +0 spear of Valiance (weapon) {venom, Drain rC+ Int+5}
   (You found it on level 2 of the Dungeon)

   Int+5:     It affects your intelligence (+5).
   rC+:       It protects you from cold.
   Drain:     It drains your maximum health when unequipped.
 R - the +3 whip of the Tundras {freeze, *Rage rN+ Int+4 Dex+7}
   (You found it on level 6 of the Dungeon)

   Int+4:     It affects your intelligence (+4).
   Dex+7:     It affects your dexterity (+7).
   rN+:       It protects you from negative energy.
   *Rage:     It berserks you when you make melee attacks (+20% chance).
 Z - a +0 trident of flaming
Missiles
 g - 2 throwing nets {=F}
 k - 11 poisoned darts
 o - 6 boomerangs
Armour
 W - a +0 kite shield
 Y - an orb of wrath
Magical Staves
 b - a staff of fire
Jewellery
 h - an amulet of regeneration (around mantle)
Wands
 e - a wand of charming (9)
 f - a wand of flame (22)
Scrolls
 s - a scroll of enchant weapon
 t - a scroll of torment {unknown}
 B - 3 scrolls of blinking
 J - a scroll of silence {!r}
 T - 2 scrolls of teleportation
 V - a scroll of amnesia {unknown}
Potions
 c - a potion of magic {unknown}
 d - a potion of degeneration {unknown}
 l - a potion of brilliance {unknown}
 m - 2 potions of berserk rage {unknown}
 q - 4 potions of curing
 u - a potion of lignification {unknown}
 S - a potion of heal wounds {unknown}
 U - a potion of might {unknown}
 X - a potion of cancellation {unknown}


   Skills:
 - Level 3.0 Fighting
 - Level 4.0 Polearms
 - Level 3.0 Dodging
 - Level 2.0 Stealth
 + Level 4.8 Spellcasting
 + Level 0.0 Conjurations
 + Level 4.5 Hexes
 + Level 0.0 Translocations
 + Level 6.2 Fire Magic


You had 7 spell levels left.
You knew the following spells:

 Your Spells              Type           Power      Damage    Failure   Level
g - Apportation           Tloc           10%        N/A       9%          1
n - Sticky Flame          Conj/Fire      20%        2d4       26%         4
s - Jinxbite              Hex            54%        N/A       1%          2
C - Scorch                Fire           70%        2d7       1%          2

Your spell library contained the following spells:

 Spells                   Type           Power      Damage    Failure   Level
 Inner Flame              Hex/Fire       31%        N/A       3%          3
 Ensorcelled Hibernation  Hex/Ice        32%        N/A       5%          2
 Passwall                 Tmut/Erth      4%         N/A       14%         2
 Swiftness                Air            5%         N/A       26%         3
 Flame Wave               Conj/Fire      20%        2d7       26%         4
 Summon Mana Viper        Hex/Summ       16%        N/A       69%         5
 Agony                    Necr           5%         N/A       94%         5
 Alistair's Intoxication  Tmut/Pois      3%         N/A       94%         5
 Haunt                    Necr/Summ      2%         N/A       100%        7


Dungeon Overview and Level Annotations

Branches:
Dungeon (6/15) Zot: 26060  Temple (0/1) D:5

Altars:

Annotations:
D:6 2 transporters, 1 runed translucent door, Crazy Yiuf; Edmund; WhatIsLove's ghost, novice DjFE


Innate Abilities, Weirdness & Mutations

You cannot wear most types of armour.
You are amphibious.
You can wear up to eight rings at the same time.
Your skin changes colour to match your surroundings (Stealth+).
Your rubbery body absorbs attacks. (AC +1, EV +1)
((You are camouflaged when in or above water. (Stealth+)))
You have tentacles for arms and can constrict up to eight enemies at once.


Message History

Casting: Scorch (safe; 1% risk of failure)
Confirm with . or Enter, or press ? or * to list all spells.
Flames lash Edmund but do no damage.
Casting: Scorch (safe; 1% risk of failure)
Confirm with . or Enter, or press ? or * to list all spells.
Flames lash Edmund but do no damage.
Edmund completely misses you.
Casting: Scorch (safe; 1% risk of failure)
Confirm with . or Enter, or press ? or * to list all spells.
Flames lash Edmund.
Edmund is burned terribly!
Edmund is moderately wounded.
Edmund hits you with a +0 dire flail of protection.
You barely miss Edmund. Your grab misses Edmund.
Edmund is moderately wounded.
Edmund hits you with a +0 dire flail of protection.
You barely miss Edmund. Your grab misses Edmund.
Edmund is moderately wounded.
Edmund hits you with a +0 dire flail of protection.
Casting: Scorch (safe; 1% risk of failure)
Confirm with . or Enter, or press ? or * to list all spells.
Flames lash Edmund.
Edmund is burned terribly!
Edmund is heavily wounded.
Edmund completely misses you.
Casting: Scorch (safe; 1% risk of failure)
Confirm with . or Enter, or press ? or * to list all spells.
Flames lash Edmund.
Edmund is burned terribly!
Edmund is heavily wounded.
Edmund hits you with a +0 dire flail of protection.
Casting: Scorch (safe; 1% risk of failure)
Confirm with . or Enter, or press ? or * to list all spells.
Flames lash Edmund but do no damage.
Edmund hits you with a +0 dire flail of protection!
You hit Edmund but do no damage.
Edmund is poisoned.
Your grab misses Edmund.
Edmund is heavily wounded.
Edmund hits you with a +0 dire flail of protection!
You hit Edmund but do no damage.
Edmund looks as sick as possible!
You grab Edmund.
Edmund is heavily wounded.
You constrict Edmund, but do no damage.
Edmund hits you with a +0 dire flail of protection!
* * * LOW HITPOINT WARNING * * *
You hit Edmund but do no damage.
Edmund looks as sick as possible!
You squeeze Edmund.
Edmund is severely wounded.
You constrict Edmund, but do no damage. Edmund closely misses you.
You hit Edmund but do no damage.
Edmund looks as sick as possible!
Edmund is almost dead.
You constrict Edmund.
Edmund hits you with a +0 dire flail of protection!
You die...
Edmund says, "I'd like to see a scythe do that!"

#...'................#....#
######....##.........#..###
##....##.[.......#..#
#.....#..........#..##♣
#.....#####'####.##.+..
#.....##....####.##....
#......).......#.......
#..............'....+..
#.....@(.......#....##♣
###..@#######'##....# #...#
##.##....# #...
#........### #...
#.........#. +...
#.........#. #...
#.....(...#. #...
#.........#. #####...###.


You could see Edmund (extremely poisoned, combustible).

Vanquished Creatures
  2 water moccasins (D:6)
  A sky beast (D:6)
  2 black bears
  Blork the orc (D:4)
  A bullfrog (D:6)
  2 scorpions
  6 jellies
  Jessica (D:3)
  3 iguanas
  Terence (D:3)
  2 orc wizards (D:4)
  3 gnolls (D:2)
  5 adders
  A white imp (D:6)
  3 worms
  3 dart slugs
  5 orcs
  6 bats
  5 endoplasms
  5 giant cockroaches
  9 goblins
  7 hobgoblins
  6 jackals
  2 quokkas
  2 ball pythons
  3 frilled lizards
  6 kobolds
  8 rats
101 creatures vanquished.

Notes
Turn   | Place    | Note
-------+----------+-------------------------------------------
     0 | D:1      | Ge0ff the Octopode Cinder Acolyte began the quest for the
                  | Orb.
     0 | D:1      | Reached XP level 1. HP: 16/16 MP: 2/2
   206 | D:1      | Reached XP level 2. HP: 21/21 MP: 4/4
   209 | D:1      | Learned a level 2 spell: Scorch
   371 | D:1      | Reached skill level 1 in Stealth
   913 | D:2      | Reached XP level 3. HP: 26/26 MP: 5/5
  1278 | D:2      | Reached XP level 4. HP: 19/31 MP: 7/7
  1286 | D:2      | Reached skill level 4 in Fire Magic
  1384 | D:2      | Identified the +0 spear of Valiance {venom, Drain rC+
                  | Int+5}
  1590 | D:3      | Noticed Terence
  1620 | D:3      | Killed Terence
  1621 | D:3      | Reached XP level 5. HP: 36/36 MP: 7/9
  1751 | D:3      | Noticed Jessica
  1757 | D:3      | Killed Jessica
  2248 | D:4      | Reached XP level 6. HP: 24/42 MP: 9/11
  2249 | D:4      | Reached skill level 1 in Dodging
  2283 | D:4      | Noticed a black bear
  2292 | D:4      | Killed a black bear
  2339 | D:4      | Noticed Blork the orc
  2349 | D:4      | Killed Blork the orc
  2350 | D:4      | Reached skill level 5 in Fire Magic
  2743 | D:4      | Reached XP level 7. HP: 31/46 MP: 9/12
  2977 | D:4      | Learned a level 1 spell: Apportation
  2980 | D:4      | Learned a level 2 spell: Jinxbite
  3143 | D:4      | Reached skill level 1 in Hexes
  3205 | D:5      | Entered Level 5 of the Dungeon
  3253 | D:5      | Got a colourful book
  3531 | D:5      | Found a staircase to the Ecumenical Temple.
  3943 | D:6      | Reached XP level 8. HP: 35/52 MP: 12/14
  4047 | D:6      | Identified the +3 whip of the Tundras {freeze, *Rage rN+
                  | Int+4 Dex+7}
  4084 | D:6      | Found a transporter.
  4105 | D:6      | Noticed a hornet
  4111 | D:6      | Noticed WhatIsLove's ghost (novice DjFE)
  4142 | D:6      | Found a transporter.
  4308 | D:6      | Reached skill level 6 in Fire Magic
  4588 | D:5      | Learned a level 4 spell: Sticky Flame
  4675 | D:6      | Found a runed translucent door.
  4676 | D:6      | Noticed Crazy Yiuf
  4701 | D:6      | Noticed Edmund
  4716 | D:6      | Slain by Edmund

Illustrated notes

Levels and vault maps discovered:
D:1:      nicolae_arrival_memento_mori, layout_basic, minmay_splitting_lines
D:2:      layout_rooms, minivault_14
D:3:      layout_basic, uniq_terence, uniq_jessica
D:4:      layout_basic, uniq_blork_the_orc
D:5:      layout_rooms, lemuel_temple_firewalk_b
D:6:      layout_gridville, gammafunk_ghost_hive, nicolae_figureground_pulse,
          uniq_edmund, uniq_crazy_yiuf_cottage

Skill      XL: |  1  2  3  4  5  6  7  8 |
---------------+-------------------------+-----
Stealth        | 1 2 |  2.0
Spellcasting   | 2 3 4 |  4.8
Fire Magic     | 4 5 6 |  6.2
Dodging        | 1 2 3 |  3.0
Polearms       | 4 |  4.0
Hexes          | 3 4 |  4.5
Fighting       | |  3.0

Action                     |  1- 3 |  4- 6 |  7- 9 || total
---------------------------+-------+-------+-------++-------
  Melee: Spear             |    93 |   103 |    62 ||   258
         Constrict         |    16 |    19 |    11 ||    46
         Tentacles         |     7 |    19 |    11 ||    37
         Punch             |       |     3 |     1 ||     4
   Cast: Scorch            |     2 |     8 |    19 ||    29
         Jinxbite          |       |       |    18 ||    18
 Invoke: Fiery Armour      |       |     1 |       ||     1
    Use: Scroll            |       |     4 |     1 ||     5
         Potion            |       |     1 |       ||     1
   Stab: Sleeping          |     8 |     8 |     4 ||    20
 Armour: Skin              |    39 |    41 |    33 ||   113
  Dodge: Dodged            |    45 |    43 |    25 ||   113

Table legend: (Time is in decaauts)
 A = Elapsed time spent in this place.
 B = Non-inter-level travel time spent in this place.
 C = Inter-level travel time spent in this place.
 D = Time resting spent in this place.
 E = Time spent auto-exploring this place.
 F = Levels seen in this place.
 G = Mean time per level.
                   A        B        C        D        E       F      G
               +--------+--------+--------+--------+--------+-----+--------+
         Total |   4914 |   4732 |    182 |    291 |   3379 |   6 |  819.0 |
       Dungeon |   4914 |   4732 |    182 |    291 |   3379 |   6 |  819.0 |
               +--------+--------+--------+--------+--------+-----+--------+

Top non-repeatable levels by time:
     D:4: 1048 daAuts
     D:6: 931 daAuts
     D:1: 903 daAuts
     D:3: 743 daAuts
     D:2: 739 daAuts
     D:5: 548 daAuts
